 Dungeon Crawl Stone Soup version 0.28.0-49-g6dfe1f597d (webtiles) character file.

Game seed: 13747169260381025248

80 Zeld the Digger (level 4, 0/25 HPs)
             Began as a Gargoyle Earth Elementalist on May 17, 2022.
             Hit by a stone thrown by a hobgoblin (2 damage)
             ... on level 2 of the Dungeon.
             The game lasted 00:02:20 (1486 turns).

Zeld the Digger (Gargoyle Earth Elementalist)       Turns: 1486, Time: 00:02:20

Health: 0/25       AC:  7    Str: 12    XL:     4   Next: 39%
Magic:  7/7        EV: 12    Int: 17    God:
Gold:   74         SH:  0    Dex: 10    Spells: 2/8 levels left

rFire   . . .      SeeInvis .   a - +2 whip (venom)
rCold   . . .      Faith    .   (no shield)
rNeg    + . .      Spirit   .   b - +0 robe
rPois   ∞          Reflect  .   q - +0 helmet
rElec   +          Harm     .   (no cloak)
rCorr   .          Rampage  .   (no gloves)
Will    .....                   g - +0 pair of boots
Stlth   ++........              (no amulet)
HPRegen 0.08/turn               (no ring)
MPRegen 0.10/turn               (no ring)

@: no status effects
A: sickness immunity, AC +3, negative energy resistance 1, electricity
resistance, torment resistance 1, petrification resistance
a: no special abilities


You were on level 2 of the Dungeon.
You visited 1 branch of the dungeon, and saw 2 of its levels.

You collected 74 gold pieces.

Inventory:

Hand Weapons
 a - a +2 whip of venom (weapon)
Missiles
 c - 70 stones
Armour
 b - a +0 robe (worn)
 g - a +0 pair of boots (worn)
 q - a +0 helmet (worn)
Scrolls
 e - a scroll of noise {unknown}
Potions
 d - a potion of might {unknown}
 f - a potion of degeneration {unknown}


   Skills:
 * Level 1.4 Fighting
 * Level 1.6 Armour
 + Level 1.9 Dodging
 + Level 2.5 Stealth
 * Level 2.6 Spellcasting
 - Level 1.0 Transmutations
 * Level 4.1 Earth Magic


You had 2 spell levels left.
You knew the following spells:

 Your Spells              Type           Power      Damage    Failure   Level
a - Sandblast             Erth           32%        2d9       3%          1
b - Passwall              Tmut/Erth      8%         N/A       10%         2
c - Stone Arrow           Conj/Erth      18%        3d8       24%         3

Your spell library contained the following spells:

 Spells                   Type           Power      Damage    Failure   Level
 Petrify                  Tmut/Erth      10%        N/A       54%         4


Dungeon Overview and Level Annotations

Branches:
Dungeon (2/15)

Altars:


Innate Abilities, Weirdness & Mutations

You are immune to sickness and miasma.
Your stone body is resilient. (AC +3)
You are immune to poison.
You resist negative energy. (rN+)
You are resistant to electric shocks. (rElec)
You are resistant to unholy torment.
You are immune to petrification.


Message History

A gnoll comes into view. It is wielding a +0 halberd.
The gnoll shouts!
You hit the hobgoblin.
The hobgoblin is poisoned.
The hobgoblin is severely wounded.
You kill the hobgoblin!
The hobgoblin barely misses you.
You closely miss the hobgoblin.
The hobgoblin hits you but does no damage.
A gnoll comes into view. It is wielding a +0 spear.
The hobgoblin throws a stone.
The stone barely misses you.
Things that are here:
a +0 mace; a +0 leather armour
Items here: ! $ ( )) [.
The hobgoblin throws a stone.
The stone completely misses you.
You see here a +0 club.
You hit the orc.
The orc is poisoned.
The orc is severely wounded.
The orc misses you. The gnoll barely misses you.
You closely miss the orc. You punch the orc.
The orc is almost dead.
The orc hits you with a +0 club.
The gnoll hits you from afar with a +0 halberd.
The orc hits you with a +0 club.
You kill the orc!
You see here an adder corpse.
You see here a +0 dagger.
The gnoll hits you from afar with a +0 halberd.
The gnoll barely misses you.
You hit the gnoll but do no damage.
The gnoll is poisoned.
The gnoll closely misses you. The gnoll hits you with a +0 halberd!
You hit the gnoll but do no damage.
The gnoll looks as sick as possible!
The gnoll is lightly wounded.
The gnoll barely misses you.
The gnoll hits you from afar with a +0 halberd!
* * * LOW HITPOINT WARNING * * *
You kill the gnoll!
The hobgoblin throws a stone.
The stone hits you but does no damage.
The hobgoblin throws a stone.
The stone misses you.
The hobgoblin throws a stone.
The stone hits you.
You die...

....###..###.# #......# #.# #.
#####.## #.# #.# #.#
#.########### #.# #.#
#............ #.# #.#
############# #.# #.#
##.##########.######
####............@.....##########
...........####....##..g..)....#
####.......## #.#..###########.#
#.........# #.#..# #.#
##.........# #.#..# #.#
##.#........###.#..# ##.##
..###.......##.....# ######...#
##.#.######.##..#.## #.........
#.# ###...#..#.# #.####...#


You could see a hobgoblin.

Vanquished Creatures
  A gnoll (D:2)
  An adder (D:2)
  3 dart slugs
  3 orcs (D:2)
  3 ball pythons
  5 bats (D:1)
  2 endoplasms (D:1)
  4 giant cockroaches
  7 goblins
  6 hobgoblins
  4 jackals (D:2)
  A quokka (D:1)
  2 frilled lizards
  A kobold (D:1)
  3 rats
46 creatures vanquished.

Notes
Turn   | Place    | Note
-------+----------+-------------------------------------------
     0 | D:1      | Zeld the Gargoyle Earth Elementalist began the quest for
                  | the Orb.
     0 | D:1      | Reached XP level 1. HP: 10/10 MP: 3/3
   109 | D:1      | Reached XP level 2. HP: 16/16 MP: 0/5
   126 | D:1      | Learned a level 2 spell: Passwall
   273 | D:1      | Reached skill level 1 in Transmutations
   404 | D:1      | Reached skill level 1 in Armour
   526 | D:1      | Reached XP level 3. HP: 20/20 MP: 3/6
   893 | D:2      | Reached skill level 1 in Fighting
   902 | D:2      | Learned a level 3 spell: Stone Arrow
  1358 | D:2      | Reached skill level 4 in Earth Magic
  1374 | D:2      | Reached XP level 4. HP: 23/25 MP: 7/7
  1477 | D:2      | HP: 1/25 [gnoll/+0 halberd (7)]
  1486 | D:2      | Hit by a stone thrown by a hobgoblin

Illustrated notes

Levels and vault maps discovered:
D:1:      saegor_arrival_simple_c, layout_rooms, minmay_close_crescents
D:2:      layout_loops_ring, serial_shops, shop, basic_altar,
          shapermc_ecumenical_altar_mp_vishouse, guppyfry_early_orc_mine

Skill      XL: |  1  2  3 |
---------------+----------+-----
Transmutations | 1 |  1.0
Armour         | 1 |  1.6
Fighting       | 1 |  1.4
Earth Magic    | 4 |  4.1
Dodging        | |  1.9
Stealth        | |  2.5
Spellcasting   | |  2.6

Action                   |  1- 3 |  4- 6 || total
-------------------------+-------+-------++-------
Melee: Unarmed           |    46 |       ||    46
       Whip              |    44 |    18 ||    62
       Punch             |       |     1 ||     1
 Cast: Sandblast         |    30 |       ||    30
 Stab: Sleeping          |     2 |       ||     2
Armor: Robe              |    54 |     7 ||    61
Dodge: Dodged            |    76 |    23 ||    99
